[Event "ICC tourney 2107 (75 10)"]
[Site "Internet Chess Club"]
[Date "2020.11.06"]
[Round "1"]
[White "charlesshen"]
[Black "pegasuscosmo"]
[Result "1-0"]
[ICCResult "Black resigns"]
[WhiteElo "915"]
[BlackElo "131"]
[Opening "two knights defense: Fegatello attack"]
[ECO "C57"]
[NIC "KP.01"]
[Time "20:04:35"]
[PlyCount "51"]
[TimeControl "4500+10"]

1. e4 e5 2. Nf3 Nc6 3. Bc4 Nf6 4. Ng5 d5 5. exd5 Nxd5 6. Nxf7 Qd7 7. Nxh8
e4 8. Qh5+ Kd8 9. Qxd5 Qxd5 10. Bxd5 Bf5 11. Bxc6 bxc6 12. Nc3 Bb4 13. a3
Bxc3 14. dxc3 Rb8 15. Nf7+ Ke7 16. Ne5 c5 17. Nc6+ Kd7 18. Nxb8+ Kd6 19.
Bf4+ Ke7 20. Nc6+ Kf7 21. Ne5+ Ke6 22. Nc4 g5 23. Bxc7 g4 24. Ne3 g3 25.
Nxf5 Kxf5 26. hxg3 { Black resigns } 1-0

[Event "ICC tourney 2107 (75 10)"]
[Site "Internet Chess Club"]
[Date "2020.11.06"]
[Round "1"]
[White "ayanloveschess"]
[Black "Harithaananth"]
[Result "1-0"]
[ICCResult "Black checkmated"]
[WhiteElo "882"]
[BlackElo "925"]
[Opening "Four knights: Spanish variation"]
[ECO "C48"]
[NIC "KP.03"]
[Time "20:03:22"]
[PlyCount "103"]
[TimeControl "4500+10"]

1. e4 e5 2. Nf3 Nc6 3. Bb5 Nf6 4. Nc3 d6 5. d4 a6 6. Bxc6+ bxc6 7. dxe5
dxe5 8. Qxd8+ Kxd8 9. Nxe5 Be6 10. Nxc6+ Kd7 11. Ne5+ Ke7 12. Bg5 Rd8 13.
Nc6+ Ke8 14. Nxd8 Kxd8 15. Bxf6+ gxf6 16. O-O-O+ Ke8 17. Nd5 Bh6+ 18. Kb1
Bxd5 19. Rxd5 Ke7 20. Rhd1 Re8 21. Rd7+ Kf8 22. Rd8 Rxd8 23. Rxd8+ Ke7 24.
Ra8 Kd7 25. Rxa6 Bg5 26. g3 c6 27. f4 Bh6 28. Ra7+ Ke6 29. f5+ Ke5 30. Rxf7
Kxe4 31. Rxf6 Bg5 32. Rxc6 h6 33. f6 Bxf6 34. Rxf6 Ke5 35. Rxh6 Kf5 36. a4
Kg5 37. a5 Kxh6 38. a6 Kg7 39. a7 Kf6 40. a8=Q Ke5 41. Qc6 Kf5 42. Qf3+ Kg5
43. Qf4+ Kg6 44. g4 Kh7 45. Qg5 Kh8 46. Kc1 Kh7 47. Kd2 Kh8 48. Ke3 Kh7 49.
Ke4 Kh8 50. Ke5 Kh7 51. Kf6 Kh8 52. Qg7# { Black checkmated } 1-0

[Event "ICC tourney 2107 (75 10)"]
[Site "Internet Chess Club"]
[Date "2020.11.06"]
[Round "1"]
[White "nikhilramkumar"]
[Black "oxdidi"]
[Result "1-0"]
[ICCResult "Black checkmated"]
[WhiteElo "482"]
[BlackElo "1061"]
[Opening "Van't Kruijs opening"]
[ECO "A00"]
[Time "20:03:32"]
[PlyCount "71"]
[TimeControl "4500+10"]

1. e3 e5 2. Nf3 Nc6 3. Nc3 d5 4. e4 dxe4 5. Nxe5 Nxe5 6. Nxe4 Bf5 7. Nc5
Bxc5 8. d4 Bb4+ 9. c3 Ba5 10. Bb5+ Nc6 11. d5 Qe7+ 12. Be3 a6 13. Ba4 b5
14. Bb3 Rd8 15. f3 Qxe3+ 16. Qe2 Qxe2+ 17. Kxe2 Nce7 18. c4 bxc4 19. Bxc4
Nxd5 20. Bxa6 Nf4+ 21. Kf2 Bb6+ 22. Kg3 Ne2+ 23. Kh4 f6 24. Bb5+ Kf7 25.
Bc4+ Kg6 26. Bxe2 Kh6 27. g4 Bf2+ 28. Kh3 Be6 29. Rhf1 Bd4 30. Rad1 c5 31.
b3 f5 32. a4 fxg4+ 33. fxg4 Bxb3 34. Rb1 Bxa4 35. Rb6+ Kg5 36. Rf5# { Black
checkmated } 1-0

[Event "ICC tourney 2107 (75 10)"]
[Site "Internet Chess Club"]
[Date "2020.11.06"]
[Round "1"]
[White "johnzabraham"]
[Black "nethraramkumar"]
[Result "1-0"]
[ICCResult "Black checkmated"]
[WhiteElo "1065"]
[BlackElo "216"]
[Opening "Queen's pawn"]
[ECO "A40"]
[NIC "QO.17"]
[Time "20:03:55"]
[PlyCount "61"]
[TimeControl "4500+10"]

1. d4 e6 2. c4 Bc5 3. dxc5 d5 4. cxd6 cxd6 5. Nc3 Nc6 6. e4 Nf6 7. Bg5 Ne7
8. Bxf6 g5 9. Bxh8 Ng6 10. Bg7 Nf4 11. Bd4 e5 12. Be3 d5 13. cxd5 g4 14.
Bb5+ Bd7 15. Bxd7+ Kxd7 16. Qxg4+ Ke8 17. Bxf4 exf4 18. Qxf4 Qb6 19. Rb1
Qd4 20. Nf3 Qd3 21. Qe5+ Kf8 22. Qh8+ Ke7 23. Qxa8 Qc2 24. O-O Qe2 25.
Qxb7+ Kf6 26. Qc6+ Kg7 27. Nxe2 f5 28. Qd7+ Kg6 29. Nf4+ Kh6 30. Rbc1 fxe4
31. Rc6# { Black checkmated } 1-0

[Event "ICC tourney 2107 (75 10)"]
[Site "Internet Chess Club"]
[Date "2020.11.06"]
[Round "1"]
[White "arjunchesszero"]
[Black "ZebraGamer"]
[Result "1-0"]
[ICCResult "Black resigns"]
[WhiteElo "1136"]
[BlackElo "730"]
[Opening "Damiano's defense"]
[ECO "C40"]
[NIC "KP.10"]
[Time "20:03:10"]
[PlyCount "49"]
[TimeControl "4500+10"]

1. e4 e5 2. Nf3 f6 3. Bc4 c6 4. Nc3 Bb4 5. O-O Bxc3 6. dxc3 d5 7. exd5 cxd5
8. Bxd5 Ne7 9. Bb3 Qxd1 10. Rxd1 e4 11. Nd4 Nbc6 12. Nb5 Rb8 13. Bf4 a6 14.
Nd6+ Kf8 15. Nf7 Bg4 16. Rd2 g5 17. Bxb8 Nxb8 18. Rd8+ Kg7 19. Rxh8 Ng6 20.
Rxb8 Nf4 21. h3 Ne2+ 22. Kf1 Be6 23. Kxe2 Bxf7 24. Bxf7 Kxf7 25. Rd1 {
Black resigns } 1-0

[Event "ICC tourney 2107 (75 10)"]
[Site "Internet Chess Club"]
[Date "2020.11.06"]
[Round "1"]
[White "PRANAVAK"]
[Black "akumarum"]
[Result "1-0"]
[ICCResult "Black checkmated"]
[WhiteElo "493"]
[BlackElo "1019"]
[Opening "Giuoco Piano"]
[ECO "C50"]
[NIC "IG.02"]
[Time "20:03:17"]
[PlyCount "57"]
[TimeControl "4500+10"]

1. e4 e5 2. Nf3 Nc6 3. Bc4 Bc5 4. O-O Nf6 5. Re1 O-O 6. Nc3 d6 7. Nd5 Be6
8. c3 Re8 9. Nxf6+ Qxf6 10. Bxe6 fxe6 11. b4 Bb6 12. d3 a6 13. Bg5 Qg6 14.
Be3 Bxe3 15. Rxe3 Rad8 16. a4 d5 17. Nh4 Qf6 18. Qh5 Rf8 19. Rf3 Qe7 20.
Rxf8+ Rxf8 21. exd5 exd5 22. Re1 Qf6 23. Nf3 g6 24. Qh6 e4 25. dxe4 dxe4
26. Rxe4 Qxc3 27. h3 Nxb4 28. Re7 Nd5 29. Qxh7# { Black checkmated } 1-0

[Event "ICC tourney 2107 (75 10)"]
[Site "Internet Chess Club"]
[Date "2020.11.06"]
[Round "1"]
[White "albertyang"]
[Black "Knighthhhh"]
[Result "0-1"]
[ICCResult "White resigns"]
[WhiteElo "676"]
[BlackElo "1103"]
[Opening "French defense, Steiner variation"]
[ECO "C00"]
[NIC "FR.01"]
[Time "20:03:06"]
[PlyCount "74"]
[TimeControl "4500+10"]

1. e4 e6 2. c4 d5 3. cxd5 exd5 4. exd5 Nf6 5. d4 Nxd5 6. Nf3 Bg4 7. Bc4 c6
8. O-O Be7 9. h3 Bh5 10. b3 O-O 11. Bb2 Bb4 12. a3 Ba5 13. b4 Bb6 14. Nc3
Nxc3 15. Bxc3 Bxf3 16. Qxf3 Nd7 17. d5 c5 18. Rfd1 cxb4 19. axb4 Qc7 20.
Qg4 Ne5 21. Qg3 Ng6 22. Qxc7 Bxc7 23. d6 Bb6 24. g4 Rac8 25. Bxf7+ Rxf7 26.
Bb2 Bxf2+ 27. Kg2 Rc2 28. Rab1 Bd4+ 29. Kg3 Bxb2 30. Rxb2 Rxb2 31. d7 Rxd7
32. Rxd7 Rxb4 33. Rd8+ Kf7 34. Rd7+ Ne7 35. Kh4 Ke8 36. Rd3 Ng6+ 37. Kh5
Nf4+ { White resigns } 0-1

[Event "ICC tourney 2107 (75 10)"]
[Site "Internet Chess Club"]
[Date "2020.11.06"]
[Round "1"]
[White "Nathan-Shamalov"]
[Black "AarushV5"]
[Result "1-0"]
[ICCResult "Black checkmated"]
[WhiteElo "1090"]
[BlackElo "667"]
[Opening "Ponziani: Jaenisch counter-attack"]
[ECO "C44"]
[NIC "KP.05"]
[Time "20:03:01"]
[PlyCount "103"]
[TimeControl "4500+10"]

1. e4 e5 2. Nf3 Nc6 3. c3 Nf6 4. d4 Bd6 5. dxe5 Nxe5 6. Nxe5 Bxe5 7. f4 d6
8. fxe5 dxe5 9. Qxd8+ Kxd8 10. Bg5 h6 11. Bxf6+ gxf6 12. Bc4 f5 13. exf5
Bxf5 14. O-O Be6 15. Bxe6 fxe6 16. Re1 Rg8 17. Rxe5 Ke7 18. Na3 a6 19. Rae1
Rg6 20. Nc2 c5 21. Ne3 Kd6 22. Nc4+ Ke7 23. g3 b5 24. Ne3 Kd6 25. Ng2 Re8
26. Nf4 Rf6 27. h3 a5 28. Rxe6+ Rexe6 29. Rxe6+ Rxe6 30. Nxe6 Kxe6 31. Kf2
b4 32. cxb4 axb4 33. Ke3 Kd5 34. g4 c4 35. h4 Ke6 36. g5 hxg5 37. hxg5 Kf5
38. Kd4 c3 39. bxc3 bxc3 40. Kxc3 Kxg5 41. a4 Kf6 42. a5 Ke7 43. a6 Kd7 44.
a7 Kc8 45. a8=Q+ Kd7 46. Qa6 Kc7 47. Kd4 Kd7 48. Ke5 Kc7 49. Kd5 Kd7 50.
Qa7+ Ke8 51. Ke6 Kf8 52. Qf7# { Black checkmated } 1-0

[Event "ICC tourney 2107 (75 10)"]
[Site "Internet Chess Club"]
[Date "2020.11.06"]
[Round "1"]
[White "DaveGriffin"]
[Black "Maximusiv"]
[Result "1-0"]
[ICCResult "Black resigns"]
[WhiteElo "1197"]
[BlackElo "1017"]
[Opening "Scandinavian defense"]
[ECO "B01"]
[NIC "SD.03"]
[Time "20:03:05"]
[PlyCount "63"]
[TimeControl "4500+10"]

1. e4 d5 2. exd5 Nf6 3. h3 Qxd5 4. Nc3 Qd6 5. d4 a6 6. Bd3 Nc6 7. Nf3 e5 8.
dxe5 Nxe5 9. Nxe5 Qxe5+ 10. Ne2 Bd7 11. O-O O-O-O 12. c3 g5 13. Nd4 g4 14.
hxg4 Nxg4 15. Nf3 Bc6 16. Nxe5 Nxe5 17. Bf5+ Bd7 18. Bxd7+ Rxd7 19. Qe2 Bd6
20. Be3 Rg8 21. Bf4 f6 22. Rad1 Rdg7 23. g3 h5 24. Qxh5 Rg4 25. Qf5+ Kb8
26. Bxe5 Bxe5 27. Rd3 Rf4 28. Rd8+ Rxd8 29. gxf4 Rg8+ 30. Kh2 Rg5 31. Qxg5
fxg5 32. fxe5 { Black resigns } 1-0

[Event "ICC tourney 2107 (75 10)"]
[Site "Internet Chess Club"]
[Date "2020.11.06"]
[Round "1"]
[White "EW2006"]
[Black "missqueen"]
[Result "1-0"]
[ICCResult "Black checkmated"]
[WhiteElo "1250"]
[BlackElo "980"]
[Opening "Ruy Lopez: exchange variation"]
[ECO "C68"]
[NIC "RL.08"]
[Time "20:03:52"]
[PlyCount "91"]
[TimeControl "4500+10"]

1. e4 e5 2. Nf3 Nc6 3. Bb5 a6 4. Bxc6 dxc6 5. h3 h5 6. d3 Bd6 7. c4 Qe7 8.
Be3 Bb4+ 9. Nc3 Be6 10. Qc2 O-O-O 11. Nxe5 Nf6 12. O-O-O Qd6 13. Nf3 Bc5
14. e5 Bxe3+ 15. fxe3 Qc5 16. exf6 Qxe3+ 17. Qd2 Qxd2+ 18. Rxd2 gxf6 19.
Ne4 f5 20. Neg5 b5 21. b3 bxc4 22. bxc4 Rhe8 23. Ne5 f6 24. Nxe6 Rxe6 25.
Nf3 Kb7 26. Re1 Red6 27. Kc2 Kb6 28. Nh4 f4 29. Rf1 Ka5 30. Rxf4 Kb4 31.
Rf5 Ka3 32. Rd1 Rh8 33. Rb1 Ka4 34. Kc3 a5 35. Ng6 Rh6 36. Nf4 h4 37. Rb7
c5 38. Rxc5 Ra6 39. Rbxc7 f5 40. Rxf5 Rhb6 41. Rcc5 Rb4 42. Ne2 Rbb6 43.
Nd4 Rb4 44. Nc6 Rbb6 45. Rxa5+ Rxa5 46. Rxa5# { Black checkmated } 1-0

[Event "ICC tourney 2107 (75 10)"]
[Site "Internet Chess Club"]
[Date "2020.11.06"]
[Round "1"]
[White "paradoxical"]
[Black "Mannansh"]
[Result "0-1"]
[ICCResult "White resigns"]
[WhiteElo "1020"]
[BlackElo "1203"]
[Opening "Scandinavian defense"]
[ECO "B01"]
[NIC "SD.03"]
[Time "20:02:58"]
[PlyCount "62"]
[TimeControl "4500+10"]

1. e4 d5 2. exd5 Nf6 3. Nc3 Nxd5 4. Nxd5 Qxd5 5. Nf3 Nc6 6. c3 e5 7. b3 Bg4
8. Be2 O-O-O 9. O-O Bc5 10. a4 Bf5 11. b4 Be7 12. c4 Qd6 13. d3 f6 14. b5
Nb4 15. Ba3 Qd7 16. Bxb4 Bxb4 17. Qb3 Bc5 18. Rfd1 Qe7 19. a5 e4 20. Nh4
exd3 21. Bxd3 Bxd3 22. Rxd3 Qe2 23. Rxd8+ Rxd8 24. b6 Qxf2+ 25. Kh1 Qxh4
26. bxa7 Bxa7 27. Rb1 Qe4 28. Qh3+ f5 29. Rc1 Qc2 30. Re1 Rd1 31. Qe3 Bxe3
{ White resigns } 0-1

[Event "ICC tourney 2107 (75 10)"]
[Site "Internet Chess Club"]
[Date "2020.11.07"]
[Round "2"]
[White "Udbhav10"]
[Black "EW2006"]
[Result "0-1"]
[ICCResult "White checkmated"]
[WhiteElo "276"]
[BlackElo "1249"]
[Opening "Queen's pawn game, Darooha variation "]
[ECO "D02"]
[NIC "QP.08"]
[Time "11:01:50"]
[PlyCount "106"]
[TimeControl "4500+10"]

1. d4 d5 2. Nf3 Nf6 3. Nc3 e6 4. e3 Bb4 5. a3 Bxc3+ 6. bxc3 Ne4 7. Qe2 Nxc3
8. Qd2 Ne4 9. Qe2 O-O 10. g3 Qd6 11. Bg2 Qc6 12. Ne5 Qc3+ 13. Bd2 Qxa1+ 14.
Qd1 Qxd1+ 15. Kxd1 Nxf2+ 16. Ke1 Nxh1 17. Bxh1 Nc6 18. Bb4 Re8 19. Nxc6
bxc6 20. Bc5 e5 21. h4 exd4 22. Bxd4 Bf5 23. c3 Be4 24. Bxe4 Rxe4 25. h5
Rxd4 26. exd4 Re8+ 27. Kf2 g6 28. h6 Rb8 29. g4 Rb3 30. a4 Rxc3 31. g5 Rc4
32. a5 Rxd4 33. Ke3 Ra4 34. Kd3 Rxa5 35. Kd4 Rb5 36. Ke5 a5 37. Kf6 Kf8 38.
Ke5 Ke7 39. Kf4 Ke6 40. Ke3 Rb4 41. Kd3 a4 42. Kc3 c5 43. Kd3 a3 44. Kc3 a2
45. Kd3 a1=Q 46. Kc2 Rc4+ 47. Kd2 Qc1+ 48. Kd3 Rd4+ 49. Ke2 Qd2+ 50. Kf3
Rf4+ 51. Kg3 Qe3+ 52. Kg2 Rf2+ 53. Kg1 Qe1# { White checkmated } 0-1

[Event "ICC tourney 2107 (75 10)"]
[Site "Internet Chess Club"]
[Date "2020.11.07"]
[Round "2"]
[White "nikhilramkumar"]
[Black "Nathan-Shamalov"]
[Result "0-1"]
[ICCResult "White checkmated"]
[WhiteElo "146"]
[BlackElo "1075"]
[Opening "Van't Kruijs opening"]
[ECO "A00"]
[Time "11:01:48"]
[PlyCount "96"]
[TimeControl "4500+10"]

1. e3 e5 2. d4 exd4 3. exd4 Qe7+ 4. Qe2 d5 5. Bg5 Qxe2+ 6. Bxe2 h6 7. Bb5+
c6 8. Ba4 hxg5 9. Nf3 g4 10. Ne5 Rh6 11. h3 gxh3 12. gxh3 Re6 13. Rf1 f6
14. f4 fxe5 15. dxe5 Nf6 16. Bb3 Nh5 17. Nc3 Bd6 18. Nxd5 cxd5 19. Bxd5 Re7
20. Rf3 Nxf4 21. Rxf4 Bxe5 22. Re4 Bg3+ 23. Ke2 Rxe4+ 24. Bxe4 Nc6 25. Rg1
Be5 26. Rxg7 Bxg7 27. Bg6+ Kf8 28. Be4 Bf5 29. Bxf5 Nd4+ 30. Ke3 Nxf5+ 31.
Kf4 Bxb2 32. Kxf5 Rc8 33. c4 Rxc4 34. a4 Rxa4 35. h4 Rxh4 36. Ke6 Be5 37.
Kd7 Rd4+ 38. Kc8 Bc7 39. Kxb7 a6 40. Kxa6 Rb4 41. Ka7 Bh2 42. Ka6 Ke7 43.
Ka5 Rb1 44. Ka4 Kd6 45. Ka3 Kc5 46. Ka2 Rb8 47. Ka3 Kc4 48. Ka4 Ra8# {
White checkmated } 0-1

[Event "ICC tourney 2107 (75 10)"]
[Site "Internet Chess Club"]
[Date "2020.11.07"]
[Round "2"]
[White "oxdidi"]
[Black "albertyang"]
[Result "1-0"]
[ICCResult "Black resigns"]
[WhiteElo "1064"]
[BlackElo "662"]
[Opening "Sicilian defense"]
[ECO "B30"]
[NIC "SI.31"]
[Time "11:01:47"]
[PlyCount "71"]
[TimeControl "4500+10"]

1. e4 c5 2. Nf3 Nc6 3. Bc4 e6 4. O-O Nf6 5. Re1 Be7 6. Nc3 O-O 7. d3 Re8 8.
Bg5 h6 9. Bh4 d5 10. exd5 exd5 11. Bb3 Bg4 12. Bxf6 Bxf6 13. Rxe8+ Qxe8 14.
Bxd5 Rd8 15. h3 Bf5 16. Bb3 a6 17. Qe1 b5 18. a3 Qxe1+ 19. Rxe1 b4 20. axb4
cxb4 21. Nd1 a5 22. Ba4 Nd4 23. Nxd4 Bxd4 24. b3 Rf8 25. g4 Bg6 26. Ne3
Bxe3 27. Rxe3 f5 28. gxf5 Bxf5 29. h4 Kh7 30. Re5 Bg4 31. Rxa5 Rc8 32. Rb5
Rxc2 33. Rxb4 Rd2 34. Rxg4 Rxd3 35. b4 Rd1+ 36. Bxd1 { Black resigns } 1-0

[Event "ICC tourney 2107 (75 10)"]
[Site "Internet Chess Club"]
[Date "2020.11.07"]
[Round "2"]
[White "akumarum"]
[Black "paradoxical"]
[Result "0-1"]
[ICCResult "White resigns"]
[WhiteElo "1040"]
[BlackElo "1049"]
[Opening "Four knights: Italian variation"]
[ECO "C55"]
[NIC "IG.01"]
[Time "11:01:48"]
[PlyCount "55"]
[TimeControl "4500+10"]

1. e4 e5 2. Nf3 Nc6 3. Bc4 Nf6 4. Nc3 Bb4 5. d3 O-O 6. O-O d6 7. Bd2 a6 8.
a3 Ba5 9. a4 Bg4 10. Be3 h6 11. h3 Bh5 12. Qe2 Re8 13. Rad1 Nd4 14. Bxd4
exd4 15. Nd5 Nxd5 16. Bxd5 c6 17. Bb3 d5 18. g4 Bg6 19. Nxd4 dxe4 20. dxe4
Qh4 21. c3 Qxh3 22. Rd3 Qh4 23. Nf3 Qxg4+ 24. Kh1 Rxe4 25. Re3 Qh5+ 26. Nh2
Qxe2 27. Rxe2 Rxe2 28. Rb1 { White resigns } 0-1

[Event "ICC tourney 2107 (75 10)"]
[Site "Internet Chess Club"]
[Date "2020.11.07"]
[Round "2"]
[White "Mannansh"]
[Black "johnzabraham"]
[Result "0-1"]
[ICCResult "White checkmated"]
[WhiteElo "1147"]
[BlackElo "1077"]
[Opening "French: Tarrasch, open variation, main line"]
[ECO "C09"]
[NIC "FR.22"]
[Time "11:02:22"]
[PlyCount "40"]
[TimeControl "4500+10"]

1. e4 e6 2. d4 d5 3. Nd2 c5 4. Ngf3 Nc6 5. exd5 exd5 6. dxc5 Bxc5 7. Nb3
Bb6 8. Bb5 Ne7 9. O-O O-O 10. Bf4 Bg4 11. c3 Ng6 12. Bg3 f5 13. h3 Bh5 14.
Qd3 f4 15. Bh2 Nce5 16. Nxe5 Nxe5 17. Qd2 Nf3+ 18. gxf3 Qg5+ 19. Bg3 Qxg3+
20. Kh1 Bxf3# { White checkmated } 0-1

[Event "ICC tourney 2107 (75 10)"]
[Site "Internet Chess Club"]
[Date "2020.11.07"]
[Round "2"]
[White "Harithaananth"]
[Black "unigirl314"]
[Result "1/2-1/2"]
[ICCResult "Game drawn by mutual agreement"]
[WhiteElo "1083"]
[BlackElo "888"]
[Opening "Giuoco Pianissimo: Italian four knights variation"]
[ECO "C50"]
[NIC "IG.02"]
[Time "11:01:52"]
[PlyCount "65"]
[TimeControl "4500+10"]

1. e4 e5 2. Nf3 Nc6 3. Bc4 Bc5 4. Nc3 Nf6 5. d3 d6 6. h3 h6 7. Be3 Nd4 8.
Bxd4 Bxd4 9. Nxd4 exd4 10. Nd5 Nxd5 11. exd5 Qe7+ 12. Qe2 Qxe2+ 13. Kxe2
O-O 14. Rhe1 Re8+ 15. Kf1 Rxe1+ 16. Rxe1 Kf8 17. b4 Bf5 18. g4 Bh7 19. a4
Re8 20. Rxe8+ Kxe8 21. b5 b6 22. Bb3 Kd7 23. Kg2 Kc8 24. Kg3 Kb7 25. Bc4 f6
26. f4 f5 27. gxf5 Bxf5 28. h4 Kc8 29. Bb3 Kb7 30. Bc4 Kc8 31. h5 Kb7 32.
Kh4 Kc8 33. Bb3 { Game drawn by mutual agreement } 1/2-1/2

[Event "ICC tourney 2107 (75 10)"]
[Site "Internet Chess Club"]
[Date "2020.11.07"]
[Round "2"]
[White "Knighthhhh"]
[Black "PRANAVAK"]
[Result "0-1"]
[ICCResult "White checkmated"]
[WhiteElo "1090"]
[BlackElo "513"]
[Opening "Ruy Lopez: Bird's defense"]
[ECO "C61"]
[NIC "RL.05"]
[Time "11:01:46"]
[PlyCount "66"]
[TimeControl "4500+10"]

1. e4 e5 2. Nf3 Nc6 3. Bb5 Nd4 4. Nxd4 exd4 5. O-O Nf6 6. Re1 Bc5 7. e5 Nd5
8. e6 c6 9. exf7+ Kxf7 10. Bc4 Re8 11. Bxd5+ cxd5 12. Qh5+ g6 13. Qf3+ Kg7
14. Re2 Rxe2 15. Qxe2 d3 16. Qxd3 Qf6 17. Qf3 Qe5 18. Qd1 d6 19. h3 Bxf2+
20. Kxf2 Bxh3 21. d4 Rf8+ 22. Kg1 Qg3 23. Qe2 Bxg2 24. Qxg2 Qe1+ 25. Kh2
Qxc1 26. c3 Qh6+ 27. Kg1 Qc1+ 28. Kh2 Qf4+ 29. Kg1 Qe3+ 30. Kh2 Rf4 31. Qg1
Rh4+ 32. Kg2 Rg4+ 33. Kh2 Qh6# { White checkmated } 0-1

[Event "ICC tourney 2107 (75 10)"]
[Site "Internet Chess Club"]
[Date "2020.11.07"]
[Round "2"]
[White "ayanloveschess"]
[Black "arjunchesszero"]
[Result "1-0"]
[ICCResult "Black checkmated"]
[WhiteElo "883"]
[BlackElo "971"]
[Opening "Sicilian: Taimanov variation"]
[ECO "B45"]
[NIC "SI.39"]
[Time "11:01:51"]
[PlyCount "121"]
[TimeControl "4500+10"]

1. e4 c5 2. Nf3 e6 3. d4 cxd4 4. Nxd4 Nc6 5. Nc3 Nxd4 6. Qxd4 Ne7 7. Bf4 d6
8. Bb5+ Nc6 9. Qa4 Bd7 10. O-O-O a6 11. Bxc6 Bxc6 12. Qb4 a5 13. Qa3 d5 14.
Qb3 a4 15. Nxa4 Bxa4 16. Qxb7 Rc8 17. Rd2 Be7 18. exd5 exd5 19. Rxd5 Bd7
20. Rhd1 Be6 21. Rxd8+ Bxd8 22. Re1 O-O 23. Rxe6 fxe6 24. Qxc8 e5 25. Bxe5
Bg5+ 26. f4 Bxf4+ 27. Bxf4 Rxc8 28. a4 Ra8 29. b3 Kf7 30. c3 Ke6 31. b4
Rxa4 32. Kb2 Kd5 33. Kb3 Ra6 34. b5 Ra8 35. c4+ Ke6 36. c5 Rc8 37. Kb4 Kd5
38. c6 Ke6 39. Kc5 h6 40. b6 Rf8 41. c7 Rf5+ 42. Kc6 Rxf4 43. c8=Q+ Ke5 44.
Qc7+ Kf5 45. Qxf4+ Kxf4 46. b7 Ke3 47. b8=Q Kf2 48. Qg8 Kxg2 49. Qxg7+ Kxh2
50. Qxh6+ Kg3 51. Qh5 Kf4 52. Kd6 Ke4 53. Qe5+ Kd3 54. Kd5 Kc2 55. Qe3 Kb2
56. Qd3 Kc1 57. Qe2 Kb1 58. Qd2 Ka1 59. Kc4 Kb1 60. Kb3 Ka1 61. Qb2# {
Black checkmated } 1-0

[Event "ICC tourney 2107 (75 10)"]
[Site "Internet Chess Club"]
[Date "2020.11.07"]
[Round "2"]
[White "missqueen"]
[Black "Maximusiv"]
[Result "1-0"]
[ICCResult "Black checkmated"]
[WhiteElo "1140"]
[BlackElo "1024"]
[Opening "Scandinavian defense"]
[ECO "B01"]
[NIC "SD.03"]
[Time "11:02:10"]
[PlyCount "75"]
[TimeControl "4500+10"]

1. e4 d5 2. exd5 Nf6 3. d4 Qxd5 4. Nc3 Qd6 5. Nf3 Bg4 6. h3 Bf5 7. g4 Bg6
8. Ne5 a6 9. Bg2 Nc6 10. O-O O-O-O 11. Nxg6 hxg6 12. d5 Nb4 13. Bg5 Nfxd5
14. Nxd5 Nxd5 15. Qf3 f6 16. Bd2 e5 17. c4 Nf4 18. Qxb7+ Kd7 19. Bxf4 Qb6
20. Rfd1+ Bd6 21. Be3 Qxb7 22. Bxb7 Rxh3 23. c5 Rb8 24. Bxa6 Rbh8 25. cxd6
Rh1+ 26. Kg2 R1h2+ 27. Kf3 e4+ 28. Kxe4 R2h3 29. dxc7+ Kxc7 30. Rac1+ Kb8
31. Rd7 Re8+ 32. Kd5 Re5+ 33. Kd6 Rh8 34. Rcc7 Rhe8 35. Rb7+ Ka8 36. Ra7+
Kb8 37. Rdb7+ Kc8 38. Ra8# { Black checkmated } 1-0

[Event "ICC tourney 2107 (75 10)"]
[Site "Internet Chess Club"]
[Date "2020.11.07"]
[Round "2"]
[White "charlesshen"]
[Black "DaveGriffin"]
[Result "0-1"]
[ICCResult "White checkmated"]
[WhiteElo "984"]
[BlackElo "1189"]
[Opening "French defense, Steiner variation"]
[ECO "C00"]
[NIC "FR.01"]
[Time "11:01:53"]
[PlyCount "152"]
[TimeControl "4500+10"]

1. e4 e6 2. c4 d5 3. cxd5 exd5 4. exd5 Nf6 5. Nc3 Nxd5 6. Nf3 Bg4 7. Be2
Be7 8. Qa4+ Bd7 9. Qb3 Nb6 10. d4 O-O 11. Be3 Nc6 12. O-O Be6 13. Qc2 Re8
14. Rad1 Nb4 15. Qd2 Nxa2 16. Nxa2 Bxa2 17. Qc2 Bd5 18. Ne5 Bd6 19. Nc4
Nxc4 20. Bxc4 Bxc4 21. Qxc4 Qh4 22. h3 Re7 23. Qd5 Rb8 24. Bg5 Qe4 25. Qa5
f6 26. Rfe1 Qc6 27. Rxe7 Bxe7 28. Rc1 Qb6 29. Qxb6 cxb6 30. Bf4 Rd8 31. Be3
Rd7 32. Ra1 a6 33. Kf1 Kf7 34. Ke2 Bd6 35. Rc1 Rc7 36. Rxc7+ Bxc7 37. Kd3
b5 38. d5 Bd6 39. Kc3 Be5+ 40. Bd4 Ke7 41. g3 Kd6 42. f4 Bxd4+ 43. Kxd4 a5
44. g4 a4 45. Kc3 Kxd5 46. Kb4 Kc6 47. h4 g6 48. f5 gxf5 49. gxf5 h5 50. b3
axb3 51. Kxb3 Kd5 52. Kb4 Ke5 53. Kxb5 Kxf5 54. Kb6 Kg4 55. Kxb7 f5 56. Kc6
f4 57. Kd5 f3 58. Ke6 f2 59. Kd7 f1=Q 60. Kc6 Qc4+ 61. Kd6 Qb5 62. Ke6 Kf4
63. Kf6 Qa6+ 64. Kg7 Kf5 65. Kh7 Qb6 66. Kg7 Qf6+ 67. Kh7 Qxh4 68. Kg7 Qg5+
69. Kf7 Qh6 70. Kg8 Qa6 71. Kg7 h4 72. Kf8 Kf6 73. Ke8 Qa7 74. Kd8 Ke6 75.
Kc8 Kd6 76. Kd8 Qd7# { White checkmated } 0-1

[Event "ICC tourney 2107 (75 10)"]
[Site "Internet Chess Club"]
[Date "2020.11.07"]
[Round "2"]
[White "travelworld"]
[Black "oecooke"]
[Result "0-1"]
[ICCResult "White checkmated"]
[WhiteElo "1111"]
[BlackElo "1097"]
[Opening "Sicilian: accelerated fianchetto, modern variation with Bc4"]
[ECO "B35"]
[NIC "SI.31"]
[Time "11:01:51"]
[PlyCount "114"]
[TimeControl "4500+10"]

1. e4 c5 2. Nf3 Nc6 3. Nc3 g6 4. d4 cxd4 5. Nxd4 Bg7 6. Be3 Nf6 7. Bc4 O-O
8. O-O Nxe4 9. Nxe4 d5 10. Nxc6 bxc6 11. Bb3 dxe4 12. Qxd8 Rxd8 13. Rad1
Ba6 14. Rfe1 Bxb2 15. Bc5 Bc3 16. Bxe7 Bxe1 17. Bxd8 Be2 18. Rxe1 Rxd8 19.
c3 Bb5 20. Rxe4 a5 21. a4 Bd3 22. Rd4 Re8 23. h3 Be4 24. f3 Bb1 25. Rd1 Bf5
26. g4 Be6 27. Re1 Kf8 28. Bxe6 Rxe6 29. Rxe6 fxe6 30. Kf2 Ke7 31. Ke3 e5
32. f4 Ke6 33. c4 h6 34. h4 c5 35. h5 gxh5 36. gxh5 Kf5 37. fxe5 Kxe5 38.
Kf3 Kd4 39. Kf4 Kxc4 40. Kf5 Kd5 41. Kg6 c4 42. Kxh6 c3 43. Kg6 c2 44. h6
c1=Q 45. h7 Qc2+ 46. Kg7 Qc7+ 47. Kg6 Qd6+ 48. Kg7 Qe7+ 49. Kg6 Qf8 50. Kg5
Qg7+ 51. Kf4 Qxh7 52. Ke3 Qh4 53. Kd2 Ke4 54. Kc1 Qh2 55. Kb1 Kd3 56. Ka1
Kc3 57. Kb1 Qb2# { White checkmated } 0-1

[Event "ICC tourney 2107 (75 10)"]
[Site "Internet Chess Club"]
[Date "2020.11.07"]
[Round "3"]
[White "oxdidi"]
[Black "Udbhav10"]
[Result "1-0"]
[ICCResult "Black checkmated"]
[WhiteElo "1064"]
[BlackElo "159"]
[Opening "KP: Nimzovich defense"]
[ECO "B00"]
[NIC "VO.04"]
[Time "14:35:16"]
[PlyCount "29"]
[TimeControl "4500+10"]

1. e4 Nc6 2. d4 e5 3. d5 Nd4 4. Nc3 Nf6 5. Bg5 h6 6. Bh4 Be7 7. Bc4 Bb4 8.
a3 Bxc3+ 9. bxc3 b5 10. Ba2 O-O 11. cxd4 exd4 12. e5 g5 13. exf6 gxh4 14.
Qg4+ Kh8 15. Qg7# { Black checkmated } 1-0